[Event "Kathmandu Open 2018"]
[Site "Kathmandu"]
[Date "2018.04.13"]
[Round "2"]
[White "Prince, Bajaj"]
[Black "Shahid, Ahmed S.K."]
[Result "1-0"]
[ECO "C68"]
[WhiteElo "2409"]
[BlackElo "1876"]
[Annotator "ChessBase"]
[PlyCount "139"]
[EventDate "2018.??.??"]
[EventType "swiss"]
[EventCountry "NEP"]
[SourceTitle "playchess.com"]
[Source "ChessBase"]
[SourceQuality "1"]
[TimeControl "5400+30"]

1. e4 e5 2. Nf3 Nc6 3. Bb5 a6 4. Bxc6 dxc6 5. Nc3 Bg4 6. h3 Bxf3 7. Qxf3 Qf6 8. Qg3 Bd6 9. d3 Ne7 10. O-O Ng6 11. Bg5 Qe6 12. Ne2 f6 13. Be3 O-O-O 14. Qg4 Qxg4 15. hxg4 h5 16. gxh5 Rxh5 17. Ng3 Rh7 18. f3 Rdh8 19. Kf2 Rh2 20. Rh1 Nf4 21. Rxh2 Rxh2 22. Bxf4 exf4 23. Ne2 Kd7 24. Rd1 g5 25. c3 Rh8 26. b3 Rh7 27. d4 Ke7 28. Nc1 Ke6 29. Nd3 Rh8 30. Rb1 Rh7 31. b4 b6 32. a4 Rh8 33. Ra1 Kd7 34. a5 b5 35. Re1 Ke6 36. Rc1 Kd7 37. Rd1 Ke6 38. Re1 Rh7 39. Rc1 Kd7 40. Rd1 Ke6 41. Re1 Rh5 42. Kg1 Rh7 43. Nf2 Rh4 44. Ng4 Bf8 45. Kf2 Rh8 46. Rd1 Bd6 47. Re1 Bf8 48. Ke2 Bd6 49. Kd3 Bf8 50. Rc1 Bd6 51. Rd1 Bf8 52. Re1 Bd6 53. e5 fxe5 54. Nxe5 Bxe5 55. Rxe5+ Kf6 56. Rc5 Rh2 57. Rxc6+ Kf5 58. Rc5+ Kf6 59. Ke4 Rxg2 60. Rc6+ Ke7 61. Rxc7+ Kd6 62. Ra7 Re2+ 63. Kf5 Re3 64. Rxa6+ Kd5 65. Rb6 Rxc3 66. Rxb5+ Kxd4 67. a6 Rc8 68. a7 Ra8 69. Rb7 Ke3 70. Kg4 1-0

[Event "Kathmandu Open 2018"]
[Site "Kathmandu"]
[Date "2018.04.13"]
[Round "2"]
[White "Anustoop Biswas"]
[Black "Acharya, Sushan"]
[Result "1-0"]
[ECO "B23"]
[WhiteElo "2039"]
[BlackElo "1615"]
[Annotator "NA RC"]
[PlyCount "36"]
[EventDate "2018.??.??"]
[EventType "swiss"]
[EventCountry "NEP"]
[SourceTitle "playchess.com"]
[Source "ChessBase"]
[SourceQuality "1"]
[TimeControl "5400+30"]

1. e4 c5 2. Nc3 e6 3. f4 a6 4. g3 d5 5. d3 Nc6 6. Bg2 Nf6 7. Bd2 h5 8. Nf3 Be7 9. O-O Ng4 10. h3 d4 11. hxg4 dxc3 12. Bxc3 h4 13. gxh4 Bxh4 14. g5 Nd4 15. Bxd4 cxd4 16. Nxh4 Rxh4 17. e5 Qc7 18. Qe1 Rh7 1-0

[Event "Kathmandu Open 2018"]
[Site "Kathmandu"]
[Date "2018.04.13"]
[Round "2"]
[White "Shrestha, Sujendra Prasad"]
[Black "Sriram, Jha"]
[Result "0-1"]
[ECO "B56"]
[WhiteElo "1883"]
[BlackElo "2392"]
[Annotator "ChessBase"]
[PlyCount "106"]
[EventDate "2018.??.??"]
[EventType "swiss"]
[EventCountry "NEP"]
[SourceTitle "playchess.com"]
[Source "ChessBase"]
[SourceQuality "1"]
[TimeControl "5400+30"]

1. e4 c5 2. Nf3 Nc6 3. d4 cxd4 4. Nxd4 Nf6 5. Nc3 d6 6. f3 e6 7. Be3 a6 8. Be2 Qc7 9. Qd2 Be7 10. Nb3 b5 11. Bd3 Bb7 12. O-O O-O 13. Qf2 Rac8 14. Rac1 Rfe8 15. Kh1 Ne5 16. Ne2 Nc4 17. Bd4 e5 18. Bc3 d5 19. exd5 Nxd5 20. Ng3 Nxc3 21. bxc3 Nd6 22. Nd2 Bh4 23. Nde4 Bxe4 24. fxe4 Qxc3 25. Qf3 Bxg3 26. Qxg3 Re6 27. Rf3 Qd2 28. Rcf1 Rg6 29. Qh3 Rc7 30. R1f2 Qh6 31. Qxh6 Rxh6 32. h3 Re6 33. g4 Kf8 34. Kg2 Rc3 35. Rf1 Ra3 36. Ra1 Ke7 37. Be2 Ra4 38. Rc3 Kd7 39. Rd1 g5 40. Rd5 Rxa2 41. Bd3 Ra4 42. Rcc5 Rb4 43. c3 Rb2+ 44. Kg3 h6 45. h4 Rb3 46. hxg5 hxg5 47. Kf3 Rh6 48. Kg3 f6 49. Bc2 Rb2 50. Rd2 Rh7 51. Rcd5 Kc7 52. Rxd6 Rxc2 53. R2d3 Rch2 0-1

[Event "Kathmandu Open 2018"]
[Site "Kathmandu"]
[Date "2018.04.13"]
[Round "2"]
[White "Lamahewa, C."]
[Black "Shyaamnikhil P"]
[Result "0-1"]
[ECO "B22"]
[WhiteElo "1836"]
[BlackElo "2385"]
[Annotator "ChessBase"]
[PlyCount "96"]
[EventDate "2018.??.??"]
[EventType "swiss"]
[EventCountry "NEP"]
[SourceTitle "playchess.com"]
[Source "ChessBase"]
[SourceQuality "1"]
[TimeControl "5400+30"]

1. e4 c5 2. c3 Nf6 3. e5 Nd5 4. d4 cxd4 5. cxd4 d6 6. Nf3 Nc6 7. Bc4 Nb6 8. Bb5 dxe5 9. Nxe5 Bd7 10. Nxd7 Qxd7 11. Bxc6 Qxc6 12. O-O e6 13. Nc3 Be7 14. Re1 Rd8 15. Qg4 Bf6 16. Ne4 Nd5 17. Nxf6+ Nxf6 18. Qh4 Qd5 19. Be3 O-O 20. Rec1 Rc8 21. Rc5 Qe4 22. Qxe4 Nxe4 23. Rxc8 Rxc8 24. Rc1 Rxc1+ 25. Bxc1 Kf8 26. Kf1 Ke7 27. f3 Nd6 28. Ke2 Nf5 29. Kd3 Kd6 30. g3 Kd5 31. Be3 Ne7 32. Bd2 Nc6 33. Bc3 b5 34. b3 a6 35. Ke3 a5 36. Kd3 a4 37. bxa4 bxa4 38. a3 Na7 39. h3 Nb5 40. Bb2 f6 41. h4 h5 42. g4 g6 43. gxh5 gxh5 44. Ke3 Nd6 45. Kd3 Nf5 46. Kc3 Nxh4 47. f4 Nf5 48. Kb4 h4 0-1

[Event "Kathmandu Open 2018"]
[Site "Kathmandu"]
[Date "2018.04.13"]
[Round "2"]
[White "Jati, Bikram"]
[Black "Padmini, Rout"]
[Result "0-1"]
[ECO "B44"]
[WhiteElo "1830"]
[BlackElo "2360"]
[Annotator "NA"]
[PlyCount "64"]
[EventDate "2018.??.??"]
[EventType "swiss"]
[EventCountry "NEP"]
[SourceTitle "playchess.com"]
[Source "ChessBase"]
[SourceQuality "1"]
[TimeControl "5400+30"]

1. e4 e6 2. Nf3 c5 3. d4 cxd4 4. Nxd4 Nc6 5. Nf3 Nf6 6. Bd3 {[%emt 0:02:06] LiveBook: 21 Games} Qc7 {[%emt 0:01:06] B40: Sicilian: 2...e6, Unusual lines} (6... d5 7. exd5 exd5 8. O-O Be7 9. Bg5 h6 10. Bh4 O-O 11. Nbd2 Qb6 12. Nb3 Bg4 13. Be2 Rfe8 14. Rb1 Rad8 {0-1 (49) Meijers,V (2458)-Epishin,V (2591) Cutro 2009}) 7. Nc3 a6 8. h3 b5 9. O-O $146 ({Predecessor:} 9. Qe2 d6 10. O-O Be7 11. Bf4 Nd7 12. Rad1 Nde5 13. Nxe5 dxe5 {0-1 (42) Renouard,L (1886)-Eid,M (2051) Paris 2012}) 9... b4 10. Na4 Be7 11. Be3 Rb8 12. Qe2 O-O 13. Rac1 d6 14. b3 Qa5 15. Bd2 Ne5 16. Nxe5 dxe5 17. a3 Qc7 18. axb4 Bxb4 19. Bxb4 Rxb4 20. Bc4 a5 21. Rfd1 Bd7 22. Nb2 Bc6 $14 23. f3 a4 24. c3 Rbb8 25. bxa4 Qb6+ 26. Kh2 Qxb2 27. Rc2 Qb6 28. Rd6 Qc5 29. Rcd2 Bxa4 30. h4 h6 31. g4 Rb1 32. Qg2 Qxc4 {-error} 0-1

[Event "Kathmandu Open 2018"]
[Site "Kathmandu"]
[Date "2018.04.14"]
[Round "4"]
[White "Prince, Bajaj"]
[Black "Harshavardhan G B"]
[Result "1/2-1/2"]
[ECO "C68"]
[WhiteElo "2409"]
[BlackElo "2119"]
[Annotator "RC"]
[PlyCount "142"]
[EventDate "2018.??.??"]
[EventType "swiss"]
[EventCountry "NEP"]
[SourceTitle "playchess.com"]
[Source "ChessBase"]
[SourceQuality "1"]
[TimeControl "5400+30"]

1. e4 e5 2. Nf3 Nc6 3. Bb5 a6 4. Bxc6 dxc6 5. d4 exd4 6. Qxd4 Qxd4 7. Nxd4 Bd7 8. Nc3 O-O-O 9. Be3 Ne7 10. O-O-O c5 11. Nf3 Nc6 12. Ng5 Be6 13. Rxd8+ Nxd8 14. Nxe6 fxe6 15. h4 Be7 16. Bg5 Re8 17. f3 Bd6 18. Ne2 Nf7 19. Bf4 Bxf4+ 20. Nxf4 Kd8 21. Kd2 Ke7 22. Ke2 Nd8 23. Nd3 b6 24. Ne5 Nf7 25. Nxf7 Kxf7 26. Rd1 Ke7 27. Ke3 b5 28. g4 c4 29. h5 e5 30. Rd5 Ke6 31. f4 exf4+ 32. Kxf4 Rf8+ 33. Rf5 Rd8 34. Re5+ Kf7 35. Rc5 Rd2 36. Rxc7+ Ke6 37. c3 Rf2+ 38. Ke3 Rxb2 39. Rxg7 Rxa2 40. Rxh7 Rg2 41. Kd4 Rxg4 42. Rh6+ Kf7 43. Rxa6 Rg3 44. Rb6 Rd3+ 45. Ke5 Rxc3 46. Rb7+ Kg8 47. Rxb5 Rh3 48. Kf6 c3 49. Rc5 Rf3+ 50. Ke6 Rh3 51. Rc8+ Kg7 52. Rc7+ Kf8 53. e5 Rxh5 54. Rc8+ Kg7 55. Rxc3 Rh6+ 56. Kd7 Ra6 57. e6 Kf6 58. Rf3+ Kg7 59. Rf7+ Kg8 60. Rf1 Ra7+ 61. Ke8 Ra8+ 62. Ke7 Ra7+ 63. Kf6 Kf8 64. Rb1 Rf7+ 65. Ke5 Rf2 66. Rb8+ Ke7 67. Rb7+ Ke8 68. Rb5 Ke7 69. Rb7+ Ke8 70. Rf7 Rxf7 71. exf7+ Kxf7 1/2-1/2

[Event "Kathmandu Open 2018"]
[Site "Kathmandu"]
[Date "2018.04.14"]
[Round "4"]
[White "Jaiswal, Rupesh"]
[Black "Shubham Shukla"]
[Result "1-0"]
[ECO "A80"]
[WhiteElo "2121"]
[BlackElo "1838"]
[Annotator "NA"]
[PlyCount "49"]
[EventDate "2018.??.??"]
[EventType "swiss"]
[EventCountry "NEP"]
[SourceTitle "playchess.com"]
[Source "ChessBase"]
[SourceQuality "1"]
[TimeControl "5400+30"]

1. d4 f5 2. Nf3 Nf6 3. Bf4 g6 4. e3 Bg7 5. Be2 d6 6. h3 c6 7. c3 Qc7 8. Nbd2 Nbd7 9. Ng5 Nf8 10. Bc4 Nd5 11. Bh2 h6 12. Ngf3 Nb6 13. Bb3 e5 14. dxe5 dxe5 15. Nc4 Nxc4 16. Bxc4 b5 17. Bb3 Be6 18. O-O Qe7 19. a4 Nd7 20. axb5 cxb5 21. Bd5 Rd8 22. Qb3 Bxd5 23. Qxd5 Nc5 24. Qc6+ Kf8 25. Qxg6 1-0

[Event "Kathmandu Open 2018"]
[Site "Kathmandu"]
[Date "2018.04.14"]
[Round "4"]
[White "Hamal, Manish"]
[Black "Sharma, Bhagawati Prasad"]
[Result "1-0"]
[ECO "B20"]
[WhiteElo "2058"]
[BlackElo "1829"]
[Annotator "NA"]
[PlyCount "45"]
[EventDate "2018.??.??"]
[EventType "swiss"]
[EventCountry "NEP"]
[SourceTitle "playchess.com"]
[Source "ChessBase"]
[SourceQuality "1"]
[TimeControl "5400+30"]

1. e4 c5 2. Nf3 e6 3. d4 cxd4 4. c3 dxc3 5. Nxc3 a6 6. Bc4 Ne7 7. O-O Ng6 8. Qe2 Be7 9. Re1 Qc7 10. Be3 O-O 11. Rac1 b5 12. Bb3 Bb7 13. a3 Nc6 14. g3 Rac8 15. h4 Rfe8 16. Ng5 Bxg5 17. Bxg5 f6 18. Be3 Na5 19. Bc2 Nc4 20. h5 Nxe3 21. Qxe3 Ne5 22. Rcd1 Red8 23. Qe2 1-0

[Event "Kathmandu Open 2018"]
[Site "Kathmandu"]
[Date "2018.04.14"]
[Round "4"]
[White "Sonkalan Bharati"]
[Black "Dahal, Sushrut"]
[Result "1-0"]
[ECO "A46"]
[WhiteElo "2050"]
[BlackElo "1792"]
[Annotator "NA"]
[PlyCount "55"]
[EventDate "2018.??.??"]
[EventType "swiss"]
[EventCountry "NEP"]
[SourceTitle "playchess.com"]
[Source "ChessBase"]
[SourceQuality "1"]
[TimeControl "5400+30"]

1. d4 Nf6 2. Nf3 e6 3. Bf4 b6 4. e3 Bb7 5. Nbd2 Be7 6. Bd3 d6 7. h3 Nbd7 8. O-O O-O 9. c3 Rc8 10. Qe2 c5 11. e4 Ne8 12. e5 d5 13. Rae1 g6 14. Nh2 Bg5 15. Bxg5 Qxg5 16. f4 Qe7 17. g4 Ng7 18. f5 exf5 19. gxf5 Nh5 20. f6 Qe6 21. Qe3 Rfe8 22. Ng4 Kh8 23. Qh6 Rg8 24. Nf3 Nf8 25. Qd2 Nd7 26. Ng5 Qe8 27. Nxf7+ Qxf7 28. e6 1-0

[Event "Kathmandu Open 2018"]
[Site "Kathmandu"]
[Date "2018.04.14"]
[Round "4"]
[White "Lama, Suman"]
[Black "Ramaraju, N."]
[Result "0-1"]
[ECO "A46"]
[WhiteElo "1900"]
[BlackElo "2175"]
[Annotator "NA"]
[PlyCount "98"]
[EventDate "2018.??.??"]
[EventType "swiss"]
[EventCountry "NEP"]
[SourceTitle "playchess.com"]
[Source "ChessBase"]
[SourceQuality "1"]
[TimeControl "5400+30"]

1. d4 Nf6 2. Nf3 e6 3. g3 b5 4. Bg2 Bb7 5. O-O c5 6. b3 cxd4 7. Qxd4 Nc6 8. Qd1 d5 9. Bb2 Be7 10. Nd4 Qb6 11. e3 Rc8 12. Qe2 a6 13. Rc1 O-O 14. Nd2 Rfe8 15. a3 h6 16. b4 Rc7 17. N2b3 Rec8 18. h4 Nb8 19. Nf3 Ba8 20. Bd4 Qc6 21. Ne5 Qe8 22. Nc5 Bxc5 23. Bxc5 Nfd7 24. Bd6 Nxe5 25. Bxe5 Rc4 26. f4 f6 27. Bxb8 Rxb8 28. Bh3 Rbc8 29. Qd2 Qc6 30. Qd3 f5 31. Ra2 d4 32. Kh2 Qf3 33. Rf1 Qd5 34. Qb3 dxe3 35. c3 Rxc3 36. Qb1 Qxa2+ 37. Qxa2 Rc2+ 38. Qxc2 Rxc2+ 39. Kg1 Ra2 40. Re1 Rxa3 41. Bg2 Bd5 42. Kf1 Bc4+ 43. Kg1 e2 44. Kf2 Kf7 45. Bf3 Kf6 46. g4 fxg4 47. Bxg4 g6 48. Rc1 h5 49. Bf3 Kf5 0-1

[Event "Kathmandu Open 2018"]
[Site "Kathmandu"]
[Date "2018.04.14"]
[Round "4"]
[White "Shrestha, Suman"]
[Black "Tamang Thendup"]
[Result "0-1"]
[ECO "D05"]
[WhiteElo "1807"]
[BlackElo "1953"]
[Annotator "NA"]
[PlyCount "45"]
[EventDate "2018.??.??"]
[EventType "swiss"]
[EventCountry "NEP"]
[SourceTitle "playchess.com"]
[Source "ChessBase"]
[SourceQuality "1"]
[TimeControl "5400+30"]

1. d4 d5 2. e3 Nf6 3. Nf3 e6 4. Nbd2 c5 5. c3 Nc6 6. Bd3 Be7 7. O-O O-O 8. Re1 b6 9. e4 dxe4 10. Nxe4 cxd4 11. Qe2 Bb7 12. Nfg5 g6 13. Nxf6+ Bxf6 14. Nxh7 Kxh7 15. Qh5+ Kg8 16. Bxg6 fxg6 17. Qxg6+ Bg7 18. Rxe6 Rf6 19. Qg4 Bc8 20. Bh6 Rxh6 21. Rae1 Bxe6 22. Rxe6 Rxe6 23. Qxe6+ 0-1

[Event "Kathmandu Open 2018"]
[Site "Kathmandu"]
[Date "2018.04.14"]
[Round "4"]
[White "Dangi, Mani Raj"]
[Black "Subhayan Kundu"]
[Result "0-1"]
[ECO "C04"]
[WhiteElo "1789"]
[BlackElo "2079"]
[Annotator "NA"]
[PlyCount "84"]
[EventDate "2018.??.??"]
[EventType "swiss"]
[EventCountry "NEP"]
[SourceTitle "playchess.com"]
[Source "ChessBase"]
[SourceQuality "1"]
[TimeControl "5400+30"]

1. e4 e6 2. d4 d5 3. Nd2 Nc6 4. c3 e5 5. Bb5 exd4 6. cxd4 dxe4 7. Nxe4 Qd5 8. Qe2 Bb4+ 9. Nc3+ Nge7 10. Be3 Qxg2 11. Qf3 Qxf3 12. Nxf3 O-O 13. Rg1 Nd5 14. Bd2 Re8+ 15. Kd1 Bxc3 16. bxc3 Bd7 17. Bc4 Nb6 18. Bd3 f6 19. h4 Na5 20. h5 Nac4 21. Nh4 Nb2+ 22. Kc2 Nxd3 23. Kxd3 Be6 24. Be3 Kf7 25. Rg3 g5 26. hxg6+ hxg6 27. Ke2 g5 28. Nf3 Nc4 29. Nd2 Nd6 30. a4 Rh8 31. Rgg1 Rh4 32. a5 Rah8 33. Rab1 Bg4+ 34. Kf1 Bf5 35. Rb4 Bd3+ 36. Ke1 Rh1 37. f3 R1h2 38. Nf1 Ra2 39. c4 Re8 40. c5 Nf5 41. Rxb7 Rxe3+ 42. Nxe3 Nxe3 0-1

[Event "Kathmandu Open 2018"]
[Site "Kathmandu"]
[Date "2018.04.15"]
[Round "5"]
[White "Thing, Bibek"]
[Black "Niraula, Bhupendra"]
[Result "1-0"]
[ECO "B01"]
[WhiteElo "2263"]
[BlackElo "1994"]
[Annotator "RC"]
[PlyCount "125"]
[EventDate "2018.??.??"]
[EventType "swiss"]
[EventCountry "NEP"]
[SourceTitle "playchess.com"]
[Source "ChessBase"]
[SourceQuality "1"]
[TimeControl "5400+30"]

1. e4 d5 2. exd5 Qxd5 3. Nc3 Qd6 4. d4 Nf6 5. Bc4 a6 6. Nge2 e6 7. Bf4 Qd8 8. Qd3 b5 9. Qf3 Ra7 10. Bd3 Bb7 11. Ne4 Nbd7 12. Rd1 Be7 13. O-O O-O 14. N2g3 Nxe4 15. Bxe4 Bxe4 16. Nxe4 Nf6 17. Nxf6+ Bxf6 18. Be5 Bxe5 19. dxe5 Qe7 20. Qc6 Rd8 21. a4 bxa4 22. Qxa4 Raa8 23. Qc6 Rab8 24. b3 Rb6 25. Qc4 Rb5 26. g3 h6 27. Rfe1 Rxd1 28. Rxd1 Rxe5 29. Qxa6 Kh7 30. Qd3+ f5 31. Qc3 Rc5 32. Qb4 f4 33. Qxf4 Qf6 34. Qe4+ Qg6 35. Qxg6+ Kxg6 36. c4 Rc6 37. Rd3 Rb6 38. Kg2 c5 39. Kf3 Kf5 40. Ke2 Kg4 41. h4 Ra6 42. Re3 Ra2+ 43. Kf1 Kf5 44. Rf3+ Ke4 45. Rf7 Rb2 46. Rxg7 Rxb3 47. Rg6 Rc3 48. Rxh6 e5 49. Rg6 Kf3 50. Rf6+ Kg4 51. Kg2 Rc2 52. Rf8 Rxc4 53. f3+ Kh5 54. Rf6 Rc1 55. Rf5+ Kg6 56. Rxe5 Rc2+ 57. Kh3 c4 58. g4 Kf6 59. Rc5 Ke6 60. h5 Kd6 61. Rc8 Kd7 62. h6 Rc1 63. Kg2 1-0

[Event "Kathmandu Open 2018"]
[Site "Kathmandu"]
[Date "2018.04.15"]
[Round "6"]
[White "Kayastha, Madan Krishna"]
[Black "Kakshapati, Prayash Shrestha"]
[Result "1-0"]
[ECO "B13"]
[WhiteElo "2097"]
[BlackElo "1601"]
[Annotator "NA RC"]
[PlyCount "41"]
[EventDate "2018.??.??"]
[EventType "swiss"]
[EventCountry "NEP"]
[SourceTitle "playchess.com"]
[Source "ChessBase"]
[SourceQuality "1"]
[TimeControl "5400+30"]

1. e4 c6 2. d4 d5 3. exd5 cxd5 4. Bd3 Nc6 5. c3 Qc7 6. f4 Nf6 7. h3 h5 8. Nf3 e6 9. O-O Be7 10. Ne5 Bd7 11. Nd2 h4 12. Ndf3 Nh5 13. Bd2 Ng3 14. Re1 Bf6 15. f5 Nxe5 16. Nxe5 O-O 17. Bf4 Qd8 18. Bxg3 hxg3 19. fxe6 Bxe6 20. Qh5 g6 21. Nxg6 1-0

[Event "Kathmandu Open 2018"]
[Site "Kathmandu"]
[Date "2018.04.15"]
[Round "6"]
[White "Karmacharya, Punya Man"]
[Black "Basnet, Surya"]
[Result "0-1"]
[ECO "C50"]
[WhiteElo "1933"]
[BlackElo "1802"]
[Annotator "NA RC"]
[PlyCount "48"]
[EventDate "2018.??.??"]
[EventType "swiss"]
[EventCountry "NEP"]
[SourceTitle "playchess.com"]
[Source "ChessBase"]
[SourceQuality "1"]
[TimeControl "5400+30"]

1. e4 e5 2. Nf3 Nc6 3. Bc4 Nf6 4. Nc3 Bc5 5. O-O d6 6. h3 Bb6 7. d3 O-O 8. Bg5 h6 9. Bh4 g5 10. Nxg5 hxg5 11. Bxg5 Be6 12. Qf3 Kg7 13. Qg3 Rh8 14. Nd5 Bxd5 15. Bxd5 Nd4 16. Bh4+ Kf8 17. Qg5 Nf3+ 18. gxf3 Rg8 19. Qxg8+ Kxg8 20. Kh1 Qd7 21. Bxf6 Qxh3+ 22. Kg1 Qg3+ 23. Kh1 Qxf3+ 24. Kg1 Qxf6 0-1

[Event "Kathmandu Open 2018"]
[Site "Kathmandu"]
[Date "2018.04.15"]
[Round "7"]
[White "L'Ami, Alina"]
[Black "Saptorshi Gupta"]
[Result "0-1"]
[ECO "E30"]
[WhiteElo "2316"]
[BlackElo "2080"]
[Annotator "NA"]
[PlyCount "80"]
[EventDate "2018.??.??"]
[EventType "swiss"]
[EventCountry "NEP"]
[SourceTitle "playchess.com"]
[Source "ChessBase"]
[SourceQuality "1"]
[TimeControl "5400+30"]

1. d4 Nf6 2. c4 e6 3. Nc3 Bb4 4. Bg5 c5 5. d5 Bxc3+ 6. bxc3 d6 7. e3 e5 8. Bd3 {E30: Nimzo-Indian: Leningrad Variation} (8. Qc2 Nbd7 9. Nf3 h6 10. Bh4 Qe7 11. Nd2 g5 12. Bg3 Nh5 13. Bd3 Kd8 14. O-O-O Kc7 15. f3 Nxg3 16. hxg3 Nf6 17. g4 Bd7 18. Rh2 h5 19. gxh5 Rxh5 20. Rxh5 Nxh5 21. g4 Nf6 22. Rh1 e4 23. Nxe4 Re8 24. Nxf6 Qxf6 25. Be4 Qe5 26. Kb2 Bxg4 {½-½ (26) Jianu,V (2535)-Asrian,K (2623) Heraklio 2007}) 8... Nbd7 9. Qb1 $146 ({Predecessor:} 9. e4 h6 10. Be3 Nf8 11. f3 Nh5 12. Ne2 Qh4+ 13. Kd2 Qf6 14. Rb1 Nd7 15. Nc1 Nf4 {½-½ (50) Soural,J (2189)-Hinks Edwards,T (2361) Czech Republic 2017}) 9... Nf8 10. Nf3 Ng6 11. h4 Ne7 12. Nd2 h6 13. Bxf6 $1 gxf6 14. Ne4 (14. e4 $16) 14... f5 15. Nf6+ Kf8 16. g4 $2 (16. g3 $11) 16... fxg4 17. h5 {[%emt 1:12:15] [#]} Ng8 $1 18. Nxg8 Rxg8 19. a4 (19. Kd2 {was worth a try.}) 19... Qf6 20. Qc2 g3 21. O-O-O Bg4 22. Rdg1 Bf3 23. Rh3 {[%emt 1:30:23] [#]} e4 $1 24. Bxe4 Bxe4 25. Qxe4 gxf2 26. Rxg8+ Kxg8 27. Qg2+ Kh8 28. Rf3 Qxc3+ 29. Kb1 Qb3+ 30. Ka1 Qxa4+ 31. Kb1 Qd1+ 32. Kb2 Rg8 33. Qh3 Qd2+ 34. Kb3 Qb4+ 35. Kc2 Qxc4+ 36. Kb2 Rg4 37. Rxf7 Qb4+ 38. Kc2 Rc4+ 39. Kd3 Qb3+ 40. Ke2 Rc2+ 0-1

[Event "Kathmandu Open 2018"]
[Site "Kathmandu"]
[Date "2018.04.15"]
[Round "7"]
[White "Gajwa Ankit"]
[Black "Fominyh, Alexander"]
[Result "0-1"]
[ECO "B46"]
[WhiteElo "2292"]
[BlackElo "2391"]
[Annotator "ChessBase"]
[PlyCount "94"]
[EventDate "2018.??.??"]
[EventType "swiss"]
[EventCountry "NEP"]
[SourceTitle "playchess.com"]
[Source "ChessBase"]
[SourceQuality "1"]
[TimeControl "5400+30"]

1. e4 c5 2. Nf3 Nc6 3. d4 cxd4 4. Nxd4 e6 5. Nc3 a6 6. Nxc6 bxc6 7. Bd3 d5 8. O-O Nf6 9. Re1 Be7 10. e5 Nd7 11. Qg4 Kf8 12. Na4 Qa5 13. Bg5 Bxg5 14. Qxg5 h6 15. Qg4 c5 16. b3 Qc7 17. Qg3 Bb7 18. c4 d4 19. Nb2 Re8 20. f4 h5 21. Be4 Bxe4 22. Rxe4 h4 23. Qh3 Kg8 24. Nd3 Qc6 25. Re2 Nf8 26. Rf1 g6 27. Rf3 Nd7 28. Qg4 Qc7 29. Rh3 Qd8 30. Nf2 Kg7 31. Ne4 Rh5 32. Nd6 Reh8 33. Qf3 Qa8 34. Qxa8 Rxa8 35. g4 hxg3 36. Rxh5 gxh5 37. hxg3 a5 38. a4 Rb8 39. Nb5 f5 40. exf6+ Kxf6 41. Kf2 e5 42. Kf3 exf4 43. Kxf4 Rg8 44. Nc7 Rg4+ 45. Kf3 Ne5+ 46. Kf2 Nd3+ 47. Kg2 Nf4+ 0-1

[Event "Kathmandu Open 2018"]
[Site "Kathmandu"]
[Date "2018.04.15"]
[Round "7"]
[White "Puri, Rajan"]
[Black "Kaustuv, Kundu"]
[Result "0-1"]
[ECO "B40"]
[WhiteElo "1994"]
[BlackElo "2381"]
[Annotator "NA"]
[PlyCount "58"]
[EventDate "2018.??.??"]
[EventType "swiss"]
[EventCountry "NEP"]
[SourceTitle "playchess.com"]
[Source "ChessBase"]
[SourceQuality "1"]
[TimeControl "5400+30"]

1. e4 c5 2. Nf3 e6 3. c4 Nc6 4. d4 cxd4 5. Nxd4 Nf6 6. Nc3 Bb4 7. Nxc6 bxc6 8. Bd3 e5 9. O-O O-O 10. f4 {B44: Sicilian: Taimanov: 5 Nb5} (10. Be3 d5 11. exd5 Bxc3 12. bxc3 cxd5 13. Bg5 dxc4 14. Bxc4 Qc7 15. Bxf6 Qxc4 16. Bxe5 Bf5 17. Bd4 Rfe8 18. Qc1 {½-½ (31) Nakamura,H (2781)-So,W (2788) London 2017}) 10... d6 11. Kh1 Ng4 12. Qe1 exf4 $146 ({Predecessor:} 12... Bxc3 13. bxc3 exf4 14. Bxf4 Ne5 15. Qg3 c5 16. Be2 Qe7 17. Rad1 Bb7 {0-1 (39) Czerniak,M-Bolbochan,J Mar del Plata 1941}) 13. Bxf4 Ne5 14. Be2 Be6 15. a3 Ba5 16. c5 Bc7 17. Rd1 Qe7 18. cxd6 Bxd6 19. Qg3 f6 20. h4 Kh8 21. b4 a5 22. b5 $1 cxb5 23. Nxb5 Bc5 24. Rc1 a4 25. Rc3 Ng6 $2 {[%emt 0:27:22] [#]} (25... Rac8 $17 {keeps the pressure on.}) 26. Bc1 (26. Bc7 $1 $16 Ne5 27. Rfc1) 26... Bb3 27. h5 $1 Ne5 28. Bf4 Nf7 29. Rfc1 Bxa3 $18 {[%emt 0:40:56] -error} (29... Bb6 $11) 0-1

[Event "Kathmandu Open 2018"]
[Site "Kathmandu"]
[Date "2018.04.15"]
[Round "7"]
[White "Tamang Thendup"]
[Black "Neelash Saha"]
[Result "0-1"]
[ECO "B22"]
[WhiteElo "1953"]
[BlackElo "2212"]
[Annotator "ChessBase"]
[PlyCount "106"]
[EventDate "2018.??.??"]
[EventType "swiss"]
[EventCountry "NEP"]
[SourceTitle "playchess.com"]
[Source "ChessBase"]
[SourceQuality "1"]
[TimeControl "5400+30"]

1. e4 c5 2. c3 Nf6 3. e5 Nd5 4. d4 cxd4 5. cxd4 d6 6. Nf3 Nc6 7. Bc4 Nb6 8. Bb5 Bd7 9. exd6 e6 10. Nc3 Bxd6 11. O-O Nb4 12. Bg5 Be7 13. Bxd7+ Qxd7 14. Ne5 Qd8 15. Bxe7 Qxe7 16. a3 N4d5 17. Nxd5 Nxd5 18. Qa4+ Kf8 19. Rac1 g6 20. Rc2 Kg7 21. Rfc1 Rhd8 22. Nf3 Rd6 23. Qb5 Rad8 24. Qe2 f6 25. Qe4 R8d7 26. h4 Qf7 27. g3 Ne7 28. Re1 Nc6 29. Kg2 h5 30. Rce2 Qg8 31. Qc2 Ne7 32. Qb3 Rb6 33. Qa4 Rc7 34. Rc2 Rxc2 35. Qxc2 Qd8 36. Re2 Rd6 37. Qb3 Qd7 38. Rd2 Nf5 39. Qc3 Ne7 40. Re2 Qc6 41. Qxc6 Nxc6 42. Rd2 Rd5 43. Kf1 g5 44. hxg5 fxg5 45. Re2 Kf6 46. Rc2 g4 47. Nh4 Rxd4 48. Ng2 e5 49. Ne3 Ke6 50. Rc5 Rd2 51. b4 Rd3 52. b5 Nd4 53. Rc7 Rxa3 0-1

[Event "Kathmandu Open 2018"]
[Site "Kathmandu"]
[Date "2018.04.15"]
[Round "7"]
[White "Chaulagain, Harichandra"]
[Black "Pandey, Aashish"]
[Result "1-0"]
[ECO "B02"]
[WhiteElo "1812"]
[BlackElo "1505"]
[Annotator "NA RC"]
[PlyCount "59"]
[EventDate "2018.??.??"]
[EventType "swiss"]
[EventCountry "NEP"]
[SourceTitle "playchess.com"]
[Source "ChessBase"]
[SourceQuality "1"]
[TimeControl "5400+30"]

1. e4 d5 2. exd5 Nf6 3. Nc3 Nxd5 4. Bc4 Nxc3 5. Qf3 e6 6. dxc3 Bd6 7. Nh3 {B02: Alekhine's Defence: Chase Variation and lines with early Nc3} (7. Ne2 Nd7 8. Qh5 O-O 9. Bg5 Qe8 10. O-O-O Nb6 11. Bd3 f5 12. Qh4 e5 13. f3 Be6 14. g4 Qa4 15. gxf5 Qxh4 16. Bxh4 Bxf5 {0-1 (35) Moliboga,V (2310)-Sergeev,V (2444) Lvov 2017}) 7... h6 $146 ({Predecessor:} 7... Nd7 8. Bg5 Ne5 9. Qh5 Qd7 10. Be2 Qa4 11. Bf4 Nc6 12. Bxd6 cxd6 13. Ng5 Qf4 14. Nxh7 Bd7 {½-½ (31) Barhudarian,R (2327)-Pimenov,R (2189) St Petersburg 2008}) 8. Bf4 Qf6 9. Qe3 e5 10. Bg3 Bxh3 11. gxh3 Nc6 12. Bb5 O-O 13. h4 Ne7 14. Bd3 h5 15. O-O-O Nf5 16. Qe4 g6 17. Rhg1 Nxg3 18. fxg3 b6 19. Rdf1 Qe7 20. Bc4 Rad8 21. Qxg6+ Kh8 22. Qxh5+ Kg7 23. Qg4+ Kh8 24. Rf5 f6 25. Rh5+ Qh7 26. Bd3 f5 27. Bxf5 Qxh5 28. Qxh5+ Kg7 29. Qg6+ Kh8 30. Qh7# 1-0